 Dungeon Crawl Stone Soup version 0.19-a0-860-g5c370dd (webtiles) character file.

44 BrynasaurusRex the Bolt Thrower (level 3, -1/32 HPs)
             Began as a Deep Dwarf Hunter on June 29, 2016.
             Slain by a worker ant (6 damage)
             ... on level 4 of the Dungeon on July 2, 2016.
             The game lasted 00:06:56 (391 turns).

BrynasaurusRex the Bolt Thrower (Deep Dwarf Hunter)  Turns: 391, Time: 00:06:57

Health: -1/32      AC:  3    Str: 15    XL:     3   Next: 41%
Magic:  3/3        EV: 12    Int: 12    God:
Gold:   6          SH:  0    Dex: 13    Spells: 0 memorised, 2 levels left

rFire  . . .     SeeInvis .     a - +1 hand crossbow
rCold  . . .     Gourm    .     c - +0 leather armour
rNeg   . . .     Faith    .     (no shield)
rPois  .         Spirit   .     (no helmet)
rElec  .         Dismiss  .     (no cloak)
rCorr  .         Reflect  .     (no gloves)
SustAt .         Harm     .     (no boots)
MR     .....                    (no amulet)
Stlth  ++........               (no ring)
                                (no ring)

@: lethally poisoned (-1 -> -1), non-regenerating, not resistant to hostile
enchantments, unstealthy
A: damage resistance, recharge devices, sense surroundings 1, slow regeneration
3
a: Device Recharging


You were on level 4 of the Dungeon.
You were not hungry.

You visited 1 branch of the dungeon, and saw 4 of its levels.

You collected 6 gold pieces.

Inventory:

Hand Weapons
 a - a +1 hand crossbow (weapon)
 b - a +0 short sword
 g - a +0 hand axe
Missiles
 d - 22 bolts (quivered)
Armour
 c - a +0 leather armour (worn)
Jewellery
 j - an uncursed ring of see invisible {unknown}
Wands
 e - a wand of heal wounds (5/9)
Scrolls
 k - a scroll of enchant weapon {unknown}
Potions
 l - a potion of lignification {unknown}
 m - a potion of haste {unknown}
Comestibles
 f - a bread ration
 h - a meat ration
 i - a beef jerky


   Skills:
 + Level 2.0 Fighting
 + Level 0.1 Short Blades
 + Level 5.2 Crossbows
 + Level 0.2 Armour
 + Level 2.5 Dodging
 + Level 1.5 Stealth


You had 2 spell levels left.
You didn't know any spells.

Dungeon Overview and Level Annotations

Branches:
Dungeon (4/15)
 Temple: D:4-7

Altars:


Innate Abilities, Weirdness & Mutations

You are resistant to damage.
You can recharge devices by infusing magical energy.
You passively map a small area around you.
You do not regenerate naturally.


Message History

The worker ant bites you. The worker ant bites you!
* * * LOW HITPOINT WARNING * * *
Firing (i - inventory):
d - 25 bolts (quivered)
Press: ? - help, Shift-Dir - straight line, f/p - worker ant
Aim: a worker ant (almost dead)
You shoot a bolt.
The bolt hits the worker ant but does no damage.
The worker ant is almost dead.
The worker ant completely misses you.
Firing (i - inventory):
d - 24 bolts (quivered)
Press: ? - help, Shift-Dir - straight line, f/p - worker ant
Aim: a worker ant (almost dead)
You shoot a bolt. The bolt barely misses the worker ant.
The worker ant misses you.
Firing (i - inventory):
d - 23 bolts (quivered)
Press: ? - help, Shift-Dir - straight line, f/p - worker ant
Aim: a worker ant (almost dead)
You shoot a bolt. The bolt closely misses the worker ant.
The worker ant bites you!
You die...

* , 8 . ,
,.. * * ,
, ... , ,
, ,.... *
****
.....##*
* #...(##
, , #.@#
* *
##.al...#
###.....#
* *
...... *
..... , ,
..... * ,
,, *,
.... ,, ,
,,,,*
,...( * *
* * ,, ,


You could see an iguana and a worker ant.

Vanquished Creatures
  An adder (D:4)
  An ooze (D:2)
  A worm (D:2)
  A dart slug (D:3)
  A goblin (D:1)
  6 hobgoblins
  2 jackals (D:1)
  2 quokkas (D:3)
  3 bats
  2 giant newts
  5 kobolds
25 creatures vanquished.

Notes
Turn   | Place    | Note
-------+----------+-------------------------------------------
     0 | D:1      | BrynasaurusRex the Deep Dwarf Hunter began the quest for the Orb.
     0 | D:1      | Reached XP level 1. HP: 19/19 MP: 1/1
   122 | D:1      | Upgraded the game from 0.19-a0-822-g530da24 to 0.19-a0-853-g1231838
   169 | D:1      | Reached XP level 2. HP: 23/26 MP: 2/2
   222 | D:2      | Reached skill level 5 in Crossbows
   331 | D:3      | Upgraded the game from 0.19-a0-853-g1231838 to 0.19-a0-860-g5c370dd
   331 | D:3      | Reached XP level 3. HP: 23/32 MP: 3/3
   391 | D:4      | Slain by a worker ant

Vault maps used:
D:1:      shiori_arrival_elements
D:2:      nicolae_qazlal_eye_of_the_storm, uniq_jessica
D:3:      wad_pebble_path, first_bread, hangedman_abyss_or_decor_lesser_grid,
          minmay_randomly_rotated_circles, uniq_crazy_yiuf_cottage
D:4:      lemuel_round_altar, gammafunk_temple_overflow_wave,
          nicolae_ossuary_entry_plus, serial_corexii_hall,
          corexii_hall_statues_l, corexii_hall_statues_i,
          corexii_hall_statues_l, corexii_hall_statues_u

Skill      XL: |  1  2 |
---------------+-------+-----
Fighting       | 2 |  2.0
Crossbows      | 5 |  5.2
Short Blades   | |  0.1
Armour         | |  0.2
Dodging        | |  2.5
Stealth        | |  1.5

Action                   || total
-------------------------++-------
Melee: Short sword       ||    12
 Fire: Hand crossbow     ||    59
Armor: Leather armour    ||    27
Dodge: Dodged            ||    76
